[Event "13th Chennai Open 2022"]
[Site "Chennai"]
[Date "2022.06.21"]
[Round "4.3"]
[White "Ajay Karthikeyan"]
[Black "Murali Krishnan B T"]
[Result "1/2-1/2"]
[ECO "C10"]
[WhiteElo "2436"]
[BlackElo "2208"]
[Annotator "TA"]
[PlyCount "71"]
[EventDate "2022.06.19"]
[EventType "swiss"]
[EventCountry "IND"]
[SourceTitle "playchess.com"]
[Source "ChessBase"]
[SourceQuality "1"]
[TimeControl "5400+30"]

1. e4 e6 2. d4 d5 3. Nc3 dxe4 4. Nxe4 Bd7 5. Nf3 Bc6 6. Bd3 Nd7 7. c3 Be7 8. O-O Ngf6 9. Nxf6+ Bxf6 10. Re1 O-O 11. Bf4 g6 {[%emt 0:08:34] C10: French with 3 Nc3: Unusual Black 3rd moves and 3...dxe4.} 12. Qe2 Bxf3 13. Qxf3 c6 {[%emt 0:00:05] [#] White is slightly better.} 14. Bc4 $146 ({Predecessor:} 14. Rad1 Re8 15. Bc2 Qb6 16. Re2 Bg7 17. Rde1 a5 18. Kh1 Qb5 19. a4 Qd5 {½-½ (19) Ferrer Roig,J (2130)-Tscharotschkin,M (2290) Benidorm 2007}) 14... Bg5 15. Rad1 Qf6 16. Bxg5 Qxg5 17. g3 Rad8 18. h4 Qf5 19. Qe3 Nf6 20. Kg2 Kg7 21. Qc1 Nd7 {[%emt 0:03:25] Against Re5} 22. Rd3 c5 23. Rf3 Qh5 24. Qf4 cxd4 $1 25. Qxd4+ Kg8 26. Qf4 {[%emt 0:02:32] And now b4 would win.} Qc5 {[%emt 0:06:46] [#]} (26... Qf5 $1 $11 {remains equal.}) 27. Bb3 (27. b4 $1 $16 Qc6 28. h5) 27... Kg7 (27... a6 $11) 28. h5 $14 g5 {[%emt 0:02:30] [#]} 29. Qe4 {[%emt 0:05:06] Black must now prevent Bc2. White is more active.} h6 (29... Qc6 $2 30. h6+ Kh8 31. Qg4 $18) 30. Rxf7+ $2 Rxf7 $19 31. Qg6+ Kf8 32. Qxh6+ Kg8 33. Qg6+ Kf8 34. Qh6+ Kg8 35. Qg6+ Kf8 $2 ({Black should play} 35... Rg7 $19 36. Qxe6+ Kh8) 36. Qh6+ {[%emt 0:00:25] Weighted Error Value: White=0.28 (precise) /Black=0.28 (precise)} 1/2-1/2

[Event "13th Chennai Open 2022"]
[Site "Chennai"]
[Date "2022.06.21"]
[Round "4.4"]
[White "Luong Phuong Hanh"]
[Black "Nitin, S.."]
[Result "0-1"]
[ECO "A04"]
[WhiteElo "2169"]
[BlackElo "2399"]
[Annotator "TA"]
[PlyCount "106"]
[EventDate "2022.06.19"]
[EventType "swiss"]
[EventCountry "IND"]
[SourceTitle "playchess.com"]
[Source "ChessBase"]
[SourceQuality "1"]
[TimeControl "5400+30"]

1. d4 g6 2. Nf3 Bg7 3. g3 c5 4. Bg2 cxd4 5. Nxd4 Nc6 6. Nb3 Nf6 7. Nc3 O-O 8. O-O d6 9. Bf4 {[%emt 0:03:32] A04: Unusual lines after 1 Nf3 and King's Indian Attack.} h6 10. h3 {[%emt 0:06:24] [#]} a5 $146 ({Predecessor:} 10... Kh7 11. Qd2 Be6 12. Kh2 Rc8 13. Rab1 a6 14. Rfd1 b5 15. Ne4 Nh5 16. Be3 Qc7 {0-1 (32) Zhelesny,S (2266)-Taimanov,M (2425) Saint Vincent 2002}) 11. Be3 {[%emt 0:05:03] The position is equal.} a4 12. Nd4 a3 13. b3 ({Don't go for} 13. Bxc6 $2 bxc6 14. b3 (14. Nxc6 $2 Qc7 $19) 14... Bxh3 $19) 13... Nxd4 14. Bxd4 ({Reject} 14. Qxd4 Ng4 $1 15. Qd2 Nxe3 16. Qxe3 Qa5 $17) 14... e5 15. Be3 Be6 16. Qd2 Qc8 17. Kh2 Kh7 (17... d5 $11 18. Nxd5 Nxd5 19. Bxd5 Bxd5 20. Qxd5 Qxc2) 18. Na4 d5 (18... Rxa4 $1 $14 19. bxa4 d5) 19. Nb6 $1 $16 Qd8 {[%emt 0:00:53] [#] Threatens to win with ...Ra6.} 20. Bc5 $1 Rb8 21. Bxf8 (21. Rad1 $16) 21... Bxf8 $14 {[%emt 0:00:48] [#]} 22. Na4 (22. Nxd5 $1 $14 Bxd5 23. Rfd1) 22... Qc7 {[%emt 0:05:37] ...b5 is the strong threat.} (22... b5 $5 23. Nc3 Qa5 $11) 23. Qc3 (23. e4 $1 $11) 23... Qxc3 $17 {[%emt 0:01:09] Black is more active.} 24. Nxc3 Rc8 25. Nd1 {[%emt 0:10:14] Loses the game.} ({White must play} 25. Nb5 $15) 25... Rxc2 $19 26. Ne3 Rxe2 27. Kg1 e4 28. Rfe1 Rb2 29. Reb1 d4 30. Nd1 (30. Nc4 Bxc4 31. bxc4) 30... Rd2 31. Rc1 b6 32. Rc6 Bc5 33. b4 Bxb4 34. Rxb6 Bf8 35. Bf1 e3 {[%emt 0:00:00] And now ...e2 would win.} 36. fxe3 dxe3 37. Nc3 e2 {[%emt 0:00:00] White must now prevent ...Bc5+.} 38. Rxe6 Bc5+ 39. Kh1 exf1=Q+ 40. Rxf1 fxe6 41. Rxf6 {[%emt 0:00:09][%mdl 4096] Endgame KRB-KRN} Bd4 42. Rf3 Bxc3 43. Rxc3 Rxa2 {[%emt 0:00:00] KR-KR} 44. Rc7+ Kg8 {[%emt 0:00:00] ( -> ...Rb2)} 45. Ra7 Kf8 46. Kg1 h5 47. Kf1 Ke8 (47... Ra1+ $142 48. Kg2 a2) 48. h4 Kd8 (48... Ra1+ $142 49. Kg2 a2 50. Ra8+ Kd7 51. Ra6 e5 52. Ra4 e4 53. Ra7+ Kc6 54. Ra6+ Kb5 55. Ra8 e3 56. Kf3 Rf1+ 57. Kxe3 a1=Q 58. Rxa1 Rxa1 59. Kf3 Ra3+ 60. Kf4 Kc6 61. Ke5 Rxg3 62. Kf4 Rg4+ 63. Kf3 Rxh4 64. Ke3 g5 65. Ke2 Rf4 66. Kd2 h4 67. Ke3 h3 68. Ke2 h2 69. Kd3 h1=Q 70. Kd2 Rf3 71. Ke2 Qg2+ 72. Ke1 Rf1#) 49. Kg1 Kc8 {[%emt 0:00:16] Black mates.} 50. Kf1 Kb8 51. Ra6 Kb7 52. Rxe6 Rb2 53. Re7+ Kc6 {[%emt 0:00:29] Weighted Error Value: White=1.17/Black=0.39} 0-1

[Event "13th Chennai Open 2022"]
[Site "Chennai"]
[Date "2022.06.21"]
[Round "4.5"]
[White "Srihari L R"]
[Black "Tiwari, Arjun"]
[Result "1-0"]
[ECO "E63"]
[WhiteElo "2404"]
[BlackElo "2163"]
[Annotator "TA"]
[PlyCount "73"]
[EventDate "2022.06.19"]
[EventType "swiss"]
[EventCountry "IND"]
[SourceTitle "playchess.com"]
[Source "ChessBase"]
[SourceQuality "1"]
[TimeControl "5400+30"]

1. d4 Nf6 2. c4 g6 3. g3 Bg7 4. Bg2 O-O 5. Nc3 d6 6. Nf3 Nc6 7. O-O a6 {[%emt 0:00:07] 7...e5 gains popularity.} 8. b3 e5 9. dxe5 dxe5 {[%emt 0:06:35] E63: King's Indian: Fianchetto: Panno Variation with 7...a6.} 10. Ba3 Re8 11. Qxd8 Nxd8 {[%emt 0:00:21] White is slightly better.} 12. Rad1 {[%emt 0:00:21][%cal Of3e5] [#]} Bg4 $146 ({Predecessor:} 12... e4 13. Nd4 b6 14. e3 Bb7 15. Rd2 c5 16. Nde2 Bf8 17. Nf4 Ne6 18. Nfd5 Nxd5 19. Nxd5 Bxd5 20. Rxd5 {½-½ (35) Iskusnyh,S (2473)-Anton Guijarro,D (2673) Chess.com INT 2021}) 13. Nd2 h5 14. h3 Bf5 15. Nd5 Nxd5 16. cxd5 e4 17. Rc1 Rc8 18. e3 b5 {[%emt 0:19:07] White leaves nothing to chance now.} 19. Bb4 c6 {[%emt 0:13:59] [#]} (19... Nb7 $16) 20. g4 $1 $18 hxg4 21. hxg4 Bd7 22. Nxe4 {[%emt 0:00:37] Hoping for Nd6.} a5 (22... Nb7 $142 23. Nd6 Nxd6) 23. Bxa5 Nb7 {[%emt 0:01:38] Inhibits Nd6.} 24. dxc6 Bxc6 25. Bb4 {[%emt 0:00:09][%cal Oe4f6] And now Nf6+! would win.} Bd7 (25... Bxe4 {was worth a try.} 26. Rxc8 Rxc8) 26. g5 Bb2 27. Nf6+ {[%emt 0:01:13] White is clearly winning.} Bxf6 28. gxf6 Nd8 29. Rxc8 Bxc8 30. Rc1 Bf5 31. a4 bxa4 32. bxa4 Be4 33. Rc8 {[%emt 0:00:07] Be7 is the strong threat.} Bf5 34. Rb8 {[%emt 0:00:07] Threatens to win with a5.} Bd7 35. a5 {[%emt 0:00:09] aiming for a6.} Nc6 36. Rxe8+ Bxe8 {[%emt 0:00:05] [#]} 37. a6 $1 {[%emt 0:00:04] Weighted Error Value: White=0.02 (flawless) /Black=0.38} 1-0

[Event "13th Chennai Open 2022"]
[Site "Chennai"]
[Date "2022.06.21"]
[Round "4.6"]
[White "Srijit Paul"]
[Black "Nguyen, Thanh Thuy Tien"]
[Result "1-0"]
[ECO "B92"]
[WhiteElo "2399"]
[BlackElo "1996"]
[Annotator "TA"]
[PlyCount "49"]
[EventDate "2022.06.19"]
[EventType "swiss"]
[EventCountry "IND"]
[SourceTitle "playchess.com"]
[Source "ChessBase"]
[SourceQuality "1"]
[TimeControl "5400+30"]

1. e4 c5 2. Nf3 d6 3. d4 cxd4 4. Nxd4 Nf6 5. Nc3 a6 6. Be2 e5 7. Nf3 h6 8. O-O Be6 9. Re1 Nbd7 {[%emt 0:01:25] B92: Sicilian Najdorf: 6 Be2.} 10. a4 Rc8 11. Bf1 {[%emt 0:07:00] [#]} Nb6 $146 {[%emt 0:04:15] The position is equal.} ({Predecessor:} 11... Be7 12. g3 O-O 13. Bg2 Nb6 14. h3 Qc7 15. Nh4 Rfd8 16. a5 Nc4 17. Nd5 Nxd5 18. exd5 {½-½ (29) Van der Wiel,J (2535)-Van Gaalen,B (2375) Netherlands 1996}) 12. Qd3 (12. a5 $5 Nbd7 13. Nd5 $11) 12... Qc7 13. a5 Nc4 (13... Nbd7 $1 $11) 14. Nd5 $16 Bxd5 15. exd5 e4 16. Nd2 $36 {[%emt 0:11:20][%mdl 2048] White has strong initiative.} Nxd2 17. Bxd2 Qxc2 $2 (17... Be7 $16 18. Qe3 O-O) 18. Qh3 $18 ({Much less strong is} 18. Rac1 $6 Qxd3 19. Rxc8+ Kd7 $18) 18... Rd8 $2 {[%emt 0:07:01] [#]} (18... Be7 {was worth a try.} 19. Rec1 Qxd2 20. Qxc8+ Bd8 21. Qxb7 O-O) 19. Bc3 $1 Be7 20. Bc4 {[%emt 0:00:28] Inhibits Qb3.} e3 21. Rxe3 Qg6 22. Rae1 Rd7 {[%emt 0:00:52] [#]} 23. Rxe7+ $1 {[%emt 0:00:15][%mdl 512] White mates.} Kd8 (23... Kf8 24. Qxd7) 24. Bxf6 Rxe7 25. Rxe7 {[%emt 0:00:26] White took control after the opening.  Weighted Error Value: White=0.02 (flawless) /Black=1.04} 1-0

[Event "13th Chennai Open 2022"]
[Site "Chennai"]
[Date "2022.06.21"]
[Round "4.7"]
[White "Ravichandran, Siddharth"]
[Black "Pawar, Harshit"]
[Result "1/2-1/2"]
[ECO "C00"]
[WhiteElo "2352"]
[BlackElo "1961"]
[Annotator "TA"]
[PlyCount "66"]
[EventDate "2022.06.19"]
[EventType "swiss"]
[EventCountry "IND"]
[SourceTitle "playchess.com"]
[Source "ChessBase"]
[SourceQuality "1"]
[TimeControl "5400+30"]

1. e4 e6 2. d3 d5 3. Nd2 c5 4. Ngf3 Nc6 5. g3 Nf6 6. Bg2 Be7 7. O-O b6 8. Re1 Bb7 9. c3 a6 {[%emt 0:06:12] C00: French: Unusual White 2nd moves.} 10. a3 b5 11. Qe2 Qc7 {[%emt 0:06:17] [#]} 12. exd5 $146 ({Predecessor:} 12. e5 Nd7 13. h4 h6 14. Nf1 O-O-O 15. h5 Rdg8 16. b4 c4 17. d4 Nb6 18. Bd2 {0-1 (56) Lebedukhin,A (2081)-Seryogin,P (2178) Gagarin 2009}) 12... Nxd5 13. Ne4 O-O 14. b4 cxb4 15. axb4 a5 16. bxa5 Nxa5 17. Bb2 Nf6 18. Nd4 Qb6 19. Rab1 {[%emt 0:06:00] White is more active.} (19. Ba3 $14 Nxe4 20. Bxe4 (20. Bxe7 Nxc3 21. Qe5 Bxg2 $14) 20... Bxa3 21. Rxa3) 19... Nxe4 $1 $11 20. Bxe4 Bxe4 21. dxe4 Rab8 22. Bc1 Qc5 23. Nxb5 {[%emt 0:01:40] Hoping for Ba3.} Nc4 {[%emt 0:00:12] Inhibits Ba3.} 24. Rb4 Rfc8 {[%emt 0:02:04] [#]} 25. Na7 Qxa7 (25... Rxb4 26. Nxc8) 26. Rxc4 Bc5 {[%emt 0:00:25][%cal Oc5f2] Strongly threatening ...Bxf2+!} 27. Be3 Bxe3 28. Rxc8+ Rxc8 29. Qxe3 $14 {[%emt 0:00:06] KQR-KQR} Qa5 30. Rd1 h6 31. Rc1 Rc4 {[%emt 0:00:10] The position is equal.} 32. Qd3 Qc7 33. Qe3 Qc6 {[%emt 0:00:06] Weighted Error Value: White=0.09 (flawless) /Black=0.08 (flawless)} 1/2-1/2

[Event "13th Chennai Open 2022"]
[Site "Chennai"]
[Date "2022.06.21"]
[Round "4.9"]
[White "Vijay, Anand M."]
[Black "Baghdasaryan, Vahe"]
[Result "0-1"]
[ECO "B30"]
[WhiteElo "1735"]
[BlackElo "2267"]
[Annotator "TA"]
[PlyCount "78"]
[EventDate "2022.06.19"]
[EventType "swiss"]
[EventCountry "IND"]
[SourceTitle "playchess.com"]
[Source "ChessBase"]
[SourceQuality "1"]
[TimeControl "5400+30"]

1. e4 c5 2. Nc3 Nc6 3. Bb5 Nd4 4. Nf3 e6 5. O-O a6 6. Bd3 Nc6 {[%emt 0:00:06] B30: Sicilian: 2...Nc6 3 Bb5, lines without ...g6.} 7. b3 {[%emt 0:02:39] 7.e5 is more advanced technology.} g5 8. Bb2 Bg7 {[%emt 0:00:10] White has an edge.} 9. Na4 Bxb2 10. Nxb2 g4 (10... h5 $11) 11. Ne1 $14 {[%emt 0:00:28] [#]} Nf6 $146 ({Predecessor:} 11... h5 12. c3 Nge7 13. f4 d5 14. Qe2 Qc7 15. Bc2 b6 16. exd5 exd5 17. Nbd3 Rh6 {1-0 (35) Martinez Duany,L (2528)-Nagy,G (2474) Famalicao 2018}) 12. c3 d5 13. Qe2 dxe4 14. Bc2 ({White should play} 14. Bxe4 $16 Nxe4 15. Qxe4) 14... e5 (14... h5 $11) 15. d3 (15. Na4 $16) 15... Nd5 $11 16. Nd1 exd3 17. Nxd3 Qe7 $36 {[%emt 0:00:08][%mdl 2048] next ...e4 is good for Black. White is under pressure.} 18. Re1 f6 $1 ({Don't do} 18... Bf5 19. Nxe5 (19. c4 Bxd3 20. Qxd3 Nf4 $17) 19... Bxc2 20. Nxc6 bxc6 21. c4 Qxe2 22. Rxe2+ Kd7 23. Rxc2 $16) 19. Qd2 (19. f4 $11 {remains equal.}) 19... Be6 $17 20. Ne3 O-O-O $1 {[%emt 0:00:39][%cal Ba8d8,Bd8d5,Bd5d2][%mdl 32] White must now prevent ...Nf4.} 21. Nxd5 Rxd5 22. Qe3 Rhd8 23. Nf4 exf4 24. Qxe6+ Qxe6 25. Rxe6 f5 26. c4 $2 {[%emt 0:00:00][%mdl 8192] [#]} (26. Rf6 $11) 26... Rd2 $1 $19 27. Bxf5 {[%emt 0:00:00] [#] Rxc6+ is the strong threat.} Nd4 28. Bxg4 {[%emt 0:00:00] And now Re2+ would win.} Nxe6 29. Bxe6+ {[%emt 0:00:00][%mdl 4096] Endgame KRR-KRB} Kc7 {[%emt 0:00:02] ( -> ...Rd1+)} 30. Bd5 Re8 {[%emt 0:00:15][%cal Od2a2] Hoping for ...Rxa2!} 31. g3 (31. a4 {was necessary.}) 31... Ree2 32. Rf1 fxg3 33. hxg3 Rxa2 34. f4 Re3 {[%emt 0:28:10] Black is clearly winning.} 35. Bf3 Rxb3 36. f5 Raa3 37. Bd5 Rxg3+ 38. Kf2 Rg5 39. Ke2 Rh5 {[%emt 0:00:12] Weighted Error Value: White=0.47/Black=0.08 (flawless)} 0-1

[Event "13th Chennai Open 2022"]
[Site "Chennai"]
[Date "2022.06.21"]
[Round "4.10"]
[White "Jubin Jimmy"]
[Black "Majumder Shrayan"]
[Result "1-0"]
[ECO "D31"]
[WhiteElo "2259"]
[BlackElo "1741"]
[Annotator "TA"]
[PlyCount "83"]
[EventDate "2022.06.19"]
[EventType "swiss"]
[EventCountry "IND"]
[SourceTitle "playchess.com"]
[Source "ChessBase"]
[SourceQuality "1"]
[TimeControl "5400+30"]

1. d4 d5 2. c4 e6 3. Nc3 a6 4. cxd5 exd5 5. Bf4 Nf6 6. e3 {[%emt 0:00:11] D31: Queen's Gambit Declined: Semi-Slav without ...Nf6 (+ Marshall Gambit and Noteboom) and Exchange Variation lines without ...Nf6.} Bd6 7. Bg5 c6 8. Bd3 {[%emt 0:00:32] White has an edge.} Be6 {[%emt 0:00:33] 8...Nbd7 is the modern continuation.} 9. Nge2 Nbd7 10. Qc2 Qc7 {[%emt 0:01:25] [#]} 11. h3 $146 ({Predecessor:} 11. f3 O-O-O 12. O-O-O Kb8 13. Kb1 h6 14. Bh4 Rhe8 15. e4 dxe4 16. fxe4 g5 17. Bg3 Bxg3 18. Nxg3 {1-0 (42) Laurusas,T (2511)-Pantzar,M (2417) Chess.com INT 2020}) 11... h6 (11... Nh5 $5 ) 12. Bh4 Nh5 13. Bf5 Bxf5 14. Qxf5 g6 15. Qf3 Ng7 16. e4 dxe4 17. Qxe4+ Kf8 18. O-O (18. g4 $11) 18... Nf5 $15 {[%emt 0:05:53] Threatens to win with ...Re8.} 19. Bg3 Kg7 20. Qf3 Nf6 21. Rad1 Rad8 22. Rd3 Rhe8 23. Rfd1 Qe7 {[%emt 0:16:01] Against Be5} 24. Be5 Bxe5 25. dxe5 Nd7 26. Qf4 {[%emt 0:03:07] Qd2 is the strong threat.} Nc5 27. Rxd8 Rxd8 28. g4 Rxd1+ 29. Nxd1 {[%emt 0:00:08] [#]} Qd8 (29... Nh4 $1 $17) 30. Ne3 {[%emt 0:07:23] [#]} (30. gxf5 $11 {remains equal.} Qxd1+ 31. Kh2 Qxe2 32. fxg6) 30... Ne6 ({Reject} 30... Nxe3 $6 31. Qxe3 Qd1+ 32. Kh2 $11) ({Black should try} 30... Nh4 $1 $17 31. Qb4 b6) 31. Nxf5+ $11 gxf5 {[%emt 0:00:03][%mdl 4096] Endgame KQN-KQN} 32. Qe3 fxg4 33. hxg4 Qd1+ 34. Kh2 Qc2 35. Ng3 Qxb2 36. Nf5+ Kf8 $2 (36... Kg8 $11) 37. Qxh6+ $18 {[%emt 0:00:31] White is clearly winning.} Ke8 38. Nd6+ Kd7 39. Qf6 Qxa2 40. Qxf7+ Kd8 41. Nxb7+ Kc8 42. Nc5 {[%emt 0:00:28] Weighted Error Value: White=0.11 (very precise) /Black=0.11 (very precise)} (42. Nd6+ $142 Kd8 43. Qa7) 1-0

[Event "13th Chennai Open 2022"]
[Site "Chennai"]
[Date "2022.06.21"]
[Round "4.11"]
[White "Prasannaa.s"]
[Black "Fedorov, Alexei"]
[Result "0-1"]
[ECO "B22"]
[WhiteElo "2164"]
[BlackElo "2529"]
[Annotator "TA"]
[PlyCount "104"]
[EventDate "2022.06.19"]
[EventType "swiss"]
[EventCountry "IND"]
[SourceTitle "playchess.com"]
[Source "ChessBase"]
[SourceQuality "1"]
[TimeControl "5400+30"]

1. e4 c5 2. c3 Nf6 3. e5 Nd5 4. d4 cxd4 5. Nf3 d6 6. cxd4 Nc6 7. Bc4 Nb6 8. Bb5 Bd7 9. Nc3 {[%emt 0:01:06] The main line 9.Nc3 scores better than 9.exd6.} dxe5 {[%emt 0:01:43] B22: Sicilian: 2 c3.} 10. dxe5 g6 11. O-O Bg7 {[%emt 0:00:19] The position is equal.} 12. Bf4 O-O 13. Qe2 a6 14. Bxc6 Bxc6 15. Rfd1 Qc7 {[%emt 0:05:20] [#]} 16. Nd4 $146 ({Predecessor:} 16. Rac1 Rad8 17. Nd4 e6 18. Ne4 Bxe5 19. Nf6+ {1-0 (19) Froehlich,R-Muenz,H GER corr 1986}) 16... Rac8 17. Bg3 Nd5 (17... Ba4 $5 18. Rd3 Qc5 $14) 18. Nxc6 (18. e6 $14 Nxc3 19. bxc3) 18... Nxc3 $11 19. Nxe7+ $1 Qxe7 20. bxc3 Rxc3 21. Rac1 Rxc1 22. Rxc1 h5 23. f4 Bh6 24. Rf1 Rc8 25. f5 Qc5+ 26. Bf2 Qc2 27. Qf3 ({White should try} 27. Qxc2 $1 $11 Rxc2 28. fxg6) 27... Qxf5 $15 28. Qxb7 Qe6 29. a4 Rc2 30. a5 Qc6 31. Qb8+ Qc8 ({Better is} 31... Bf8 $17) 32. Qb6 (32. Qxc8+ $11 Rxc8 33. Bd4) 32... Bg7 (32... Qa8 $6 33. e6 $11) 33. Re1 Rc1 {[%emt 0:02:52] aiming for ...Qc3.} (33... Qa8 $6 34. e6 fxe6 35. Qxe6+ Kh7 36. h3 $11) 34. Qe3 Rc6 35. Qg5 (35. h3 $15 {feels stronger.}) 35... Re6 $17 36. Bd4 Qc7 $40 {[%mdl 128] Black goes for the king.} 37. Bb6 Qc3 (37... Rxe5 $6 38. Bxc7 Rxg5 39. Re8+ Kh7 40. Ra8 $11) 38. Rc1 Qb2 ({Much weaker is} 38... Qxe5 $6 39. Rc8+ Kh7 40. Qxe5 Bxe5 41. Rf8 $15 (41. Ra8 g5 $15)) 39. Qd8+ Kh7 40. Rf1 Rxe5 ({Don't play} 40... Bxe5 $6 41. Rxf7+ Bg7 42. Qd1 $11) 41. Qd3 Re2 ({And not} 41... Rg5 42. Rf2 Qa1+ 43. Qf1 $15) 42. Bf2 $2 {[%emt 0:00:30][%mdl 8192] [#] This costs White the game.} (42. Qd5 $17) 42... Rxf2 $1 $19 43. Rxf2 {[%emt 0:00:30][%mdl 4096] Endgame KQR-KQB} Bd4 {[%mdl 64] Pin} 44. Qf1 h4 {( -> ...Qd2)} 45. g3 $2 (45. Qe1 $19) 45... hxg3 46. hxg3 Kh6 (46... Kg7 $142 47. Kg2 Bxf2 48. Kh3 Qd2 49. Kg2 Bd4+ 50. Kf3 Qc3+ 51. Kg2 Qxa5 52. Kh3 Qh5+ 53. Kg2 Qd5+ 54. Kh2 a5 55. Qh3 a4 56. g4 Qe5+ 57. Qg3 Qxg3+ 58. Kxg3 a3 59. Kh4 a2 60. Kh3 a1=Q 61. Kg2 g5 62. Kf3 Qe1 63. Kg2 Qf2+ 64. Kh3 Qf1+ 65. Kh2 Be5#) 47. Kg2 Qxf2+ {Black mates.} 48. Qxf2 Bxf2 49. Kxf2 Kg5 50. Kf3 Kf5 51. g4+ Kg5 52. Kg3 f6 {Weighted Error Value: White=0.60/Black=0.29 (precise)} 0-1

[Event "13th Chennai Open 2022"]
[Site "Chennai"]
[Date "2022.06.21"]
[Round "4.12"]
[White "Tran, Tuan Minh"]
[Black "Allahverdiyeva, Ayan"]
[Result "*"]
[ECO "D38"]
[WhiteElo "2533"]
[BlackElo "2120"]
[Annotator "TA"]
[PlyCount "57"]
[EventDate "2022.06.19"]
[EventType "swiss"]
[EventCountry "IND"]
[SourceTitle "playchess.com"]
[Source "ChessBase"]
[SourceQuality "1"]
[TimeControl "5400+30"]

1. d4 Nf6 2. c4 e6 3. Nf3 d5 4. Nc3 Bb4 5. cxd5 exd5 6. Bg5 Nbd7 7. e3 c5 8. Bb5 Qa5 9. O-O Bxc3 {[%emt 0:00:57] D38: Queen's Gambit Declined: Ragozin Defence (4 Nf3 Bb4).} 10. Bxd7+ Bxd7 11. Bxf6 Bxb2 {[%emt 0:00:42] [#] White is slightly better.} 12. Bxg7 $146 ({Predecessor:} 12. Rb1 Ba3 13. Bxg7 Rg8 14. Bf6 Qa6 15. Bh4 Bf5 16. Ne5 Be4 17. f3 Bxb1 18. Qxb1 {½-½ (53) Baryshpolets,A (2450)-Hammer,J (2636) Chotowa 2010}) 12... Rg8 13. Rb1 {[%emt 0:00:05] [#] aiming for Be5.} Bc3 $2 (13... Rxg7 $14 14. Rxb2 Bb5) 14. Be5 $18 Bb5 (14... c4 $142 15. Qc2 (15. Rxb7 Qa6 $16) 15... Bb4) 15. Qb3 Bxf1 (15... Bb4 16. a3 (16. Qxd5 Bc6 $14) 16... Bxf1 17. axb4 Qxb4 18. Kxf1 (18. Qxb4 cxb4 19. Kxf1 a5 $11) 18... Qxb3 19. Rxb3 cxd4 20. Nxd4 (20. Rxb7 dxe3 21. Bd6 Rd8 $16) 20... b6) 16. Qxb7 Qd8 17. Qc6+ Kf8 18. Qxc5+ Ke8 {[%emt 0:00:27] Threatens to win with ...Rc8.} 19. Qc6+ ({Less strong is} 19. Kxf1 Rc8 20. Qxa7 Rg6 $16) 19... Kf8 20. Kxf1 {[%emt 0:01:46] Hoping for Bd6+.} Rc8 21. Qh6+ Ke8 22. Qxh7 Rf8 23. Bg7 Qc7 24. g3 a5 25. Bxf8 Kxf8 26. Kg2 a4 27. Rb5 Qd7 {[%emt 0:00:51] [#]} 28. Ne5 $1 Qxb5 (28... Qc7 29. Qh8+) 29. Qxf7# {[%emt 0:00:06] Black got outplayed after the opening.  Weighted Error Value: White=0.23 (precise) /Black=0.59} *

[Event "13th Chennai Open 2022"]
[Site "Chennai"]
[Date "2022.06.21"]
[Round "4.13"]
[White "Deepan Chakkravarthy J."]
[Black "Ghosh Samriddhaa"]
[Result "1-0"]
[ECO "E04"]
[WhiteElo "2478"]
[BlackElo "1844"]
[Annotator "TA"]
[PlyCount "191"]
[EventDate "2022.06.19"]
[EventType "swiss"]
[EventCountry "IND"]
[SourceTitle "playchess.com"]
[Source "ChessBase"]
[SourceQuality "1"]
[TimeControl "5400+30"]

1. Nf3 d5 2. g3 Nf6 3. Bg2 c5 4. O-O Nc6 5. d4 e6 6. c4 dxc4 7. dxc5 Qxd1 8. Rxd1 Bxc5 9. Nbd2 c3 10. bxc3 O-O 11. Nb3 Be7 {[%emt 0:01:26] E04: Open Catalan: 5 Nf3.} 12. Bb2 Bd7 13. c4 Rfd8 {[%emt 0:02:35] The position is equal.} 14. Ne5 Be8 15. Nxc6 Bxc6 16. Bxc6 bxc6 17. Na5 Rac8 18. Bxf6 Bxf6 {[%emt 0:09:57] [#]} 19. Nb7 $146 ({Predecessor:} 19. Rab1 g6 20. c5 Rd5 21. Nb3 Rcd8 22. Rdc1 Be7 23. Rc4 f5 24. Rbc1 Kg7 25. Ra4 {1-0 (44) Senthil,M (2208)-Brunner,N (2427) Chess.com INT 2022}) 19... Rxd1+ 20. Rxd1 $11 {[%emt 0:01:32][%mdl 4096] Endgame KRB-KRN} Rc7 {[%emt 0:00:41] Inhibits Rd7.} 21. Na5 Be7 {[%emt 0:03:16] Inhibits Rd6.} 22. Rb1 f6 23. Kg2 Kf7 24. Kf3 e5 25. g4 Ke6 26. Rb8 g6 27. a4 f5 28. gxf5+ gxf5 29. e4 Bc5 30. Re8+ Kf6 31. Nb3 fxe4+ 32. Kxe4 Bxf2 33. Rf8+ Rf7 34. Rxf7+ Kxf7 {[%emt 0:00:03] KB-KN} 35. Na5 Ke6 36. Nxc6 Bg1 37. h4 {[%emt 0:04:27] h5 is the strong threat.} h5 38. Nxe5 Bf2 39. Ng6 Kd6 40. Kd3 Kc5 41. Kc3 Be1+ 42. Kb3 a5 43. Nf4 {[%emt 0:00:10] Nd3+ would kill now.} Bxh4 {[%emt 0:00:05] Strongly threatening ...Bf6.} 44. Nxh5 Be1 45. Nf4 {[%emt 0:00:13] Threatening mate with Nd3+.} Bd2 46. Ne6+ Kd6 47. Kc2 Bh6 48. Nd8 Kc5 49. Kb3 Bd2 50. Nb7+ Kb6 51. Nd6 Bf4 52. Ne4 Be3 53. Kc3 Kc6 54. Kd3 Bg1 55. Kc3 Ba7 56. Nd2 Bf2 57. Nb3 Be1+ 58. Kd4 $1 {[%emt 0:01:14] Intending c5 and mate.} Bf2+ $1 59. Ke5 Be1 60. Ke4 Bb4 $2 {[%emt 0:00:22][%mdl 8192] White leaves nothing to chance now.} (60... Bc3 $11) 61. Kd4 Be1 {[%emt 0:01:25] [#]} 62. c5 $1 Bb4 $2 (62... Bf2+ $11 63. Kc4 Be1 64. Nd4+ Kb7) 63. Kc4 Be1 64. Nd4+ Kc7 65. Kb5 Bf2 66. Nb3 Kb7 67. Nxa5+ Ka7 68. Nc6+ Ka8 69. Nb4 Ka7 70. Nd5 Bg3 71. Ne3 Bf4 72. Nc4 Bg3 73. Kc6 Bf2 74. Na5 Ka6 75. Nb3 Ka7 76. Kd7 Kb8 77. c6 Bb6 {[%emt 0:00:11] [#]} 78. Nd4 $1 Ba5 (78... Bc7 79. Ne6) 79. Nb5 Bb6 80. c7+ Bxc7 81. Nxc7 Kb7 82. Nd5 Ka6 83. Kc6 Ka5 84. Nc3 Ka6 85. Kc5 Ka5 86. Kc4 Ka6 87. Kb4 Kb6 88. a5+ Ka6 89. Ka4 Ka7 90. Kb5 Kb7 91. a6+ Ka7 92. Ka5 Ka8 93. Kb6 Kb8 94. Nb5 {[%emt 0:00:04] White mates.} Ka8 95. Nc7+ Kb8 96. a7+ {[%emt 0:00:07] Weighted Error Value: White=0.03 (flawless) /Black=0.19 (very precise)} 1-0